BSA
ST CHARLES SHEENS @ PORTLAND CARDS
09/22/2029
 
TOP OF THE 1ST
St Charles Sheens batting - Pitching for Portland Cards : RHP Gustavo Ramos
Pitching: RHP Gustavo Ramos
Batting: RHB Miguel Palácios 0-0: Ball
1-0: Ball
2-0: Foul Ball, location: 2F
2-1: Swinging Strike
2-2: Foul Ball, location: 2F
2-2: Foul Ball, location: 2F
2-2: Strikes out swinging
Batting: RHB Jesús Hernández 0-0: Ball
1-0: Ball
2-0: Ball
3-0: Base on Balls
Batting: LHB Larry Howard 0-0: Called Strike
0-1: Ball
1-1: Ball
2-1: Fly out, F7 (Flyball, 7)
Batting: LHB Juan Jose Rojas 0-0: Called Strike
0-1: Ball
1-1: Swinging Strike
1-2: Ball
2-2: Strikes out swinging
Top of the 1st over - 0 runs, 0 hits, 0 errors, 1 left on base; St Charles 0 - Portland 0
BOTTOM OF THE 1ST
Portland Cards batting - Pitching for St Charles Sheens : LHP Paul Adams
Pitching: LHP Paul Adams
Batting: RHB Dani Vázquez 0-0: Ball
1-0: Ball
2-0: Foul Ball, location: 2F
2-1: Ball
3-1: Swinging Strike
3-2: Base on Balls
Batting: RHB Eugene Gill 0-0: SINGLE (Line Drive, 56D)
Dani Vázquez to second
Batting: LHB Jeff Daniels 0-0: Ball
1-0: Ball
2-0: Called Strike
2-1: Swinging Strike
2-2: Strikes out looking
Batting: RHB Manolo Román 0-0: Ball
1-0: Ball
2-0: Foul Ball, location: 2F
2-1: Fly out, F9 (Line Drive, 89S)
Batting: LHB Paul Mullins 0-0: Ball
1-0: Ground out 4-3 (Groundball, 4D)
Bottom of the 1st over - 0 runs, 1 hit, 0 errors, 2 left on base; St Charles 0 - Portland 0
TOP OF THE 2ND
St Charles Sheens batting - Pitching for Portland Cards : RHP Gustavo Ramos
Batting: RHB Dan Tyler 0-0: Ball
1-0: Swinging Strike
1-1: Foul Ball, location: 2F
1-2: Strikes out looking
Batting: SHB Henry Copeland 0-0: Called Strike
0-1: Fly out, F7 (Flyball, 7S)
Batting: RHB Augusto Trevino 0-0: Ball
1-0: Called Strike
1-1: Foul Ball, location: 2F
1-2: Strikes out swinging
Top of the 2nd over - 0 runs, 0 hits, 0 errors, 0 left on base; St Charles 0 - Portland 0
BOTTOM OF THE 2ND
Portland Cards batting - Pitching for St Charles Sheens : LHP Paul Adams
Batting: RHB Peter Hensley 0-0: Called Strike
0-1: Ball
1-1: Swinging Strike
1-2: Ball
2-2: Ball
3-2: SINGLE (Groundball, 6D)
Batting: RHB Bonifacio Torres 0-0: Called Strike
0-1: Ball
1-1: Foul Ball, location: 2F
1-2: Ball
2-2: Ball
3-2: Foul Ball, location: 2F
3-2: Base on Balls
Peter Hensley to second
Batting: LHB Bill Murphy 0-0: Called Strike
0-1: Ball
1-1: Foul Ball, location: 2F
1-2: Foul Ball, location: 2F
1-2: Strikes out looking
Batting: LHB Chance Santry 0-0: Ball
1-0: Ball
2-0: Ball
3-0: Called Strike
3-1: Foul Ball, location: 2F
3-2: Strikes out swinging
Batting: RHB Dani Vázquez 0-0: Ball
1-0: Ball
2-0: Ground out U3 (Groundball, 34)
Bottom of the 2nd over - 0 runs, 1 hit, 0 errors, 2 left on base; St Charles 0 - Portland 0
TOP OF THE 3RD
St Charles Sheens batting - Pitching for Portland Cards : RHP Gustavo Ramos
Batting: RHB Sergio Pujols 0-0: Fly out, F7 (Line Drive, 7S)
Batting: RHB Rob Brady 0-0: Ball
1-0: Ground out 1-3 (Groundball, 15S)
Batting: RHB Miguel Palácios 0-0: Foul Ball, location: 2F
0-1: Swinging Strike
0-2: SINGLE (Groundball, 56S) (infield hit)
Batting: RHB Jesús Hernández 0-0: Ball
1-0: Ball
Miguel Palácios is caught stealing 2nd base
Top of the 3rd over - 0 runs, 1 hit, 0 errors, 0 left on base; St Charles 0 - Portland 0
BOTTOM OF THE 3RD
Portland Cards batting - Pitching for St Charles Sheens : LHP Paul Adams
Batting: RHB Eugene Gill 0-0: Ground out 4-3 (Groundball, 34)
Batting: LHB Jeff Daniels 0-0: SINGLE (Groundball, 4MD)
Batting: RHB Manolo Román 0-0: Ball
1-0: SINGLE (Groundball, 6MD)
Jeff Daniels to second
Batting: LHB Paul Mullins 0-0: Ball
1-0: Ball
2-0: Called Strike
2-1: Swinging Strike
2-2: Foul Ball, location: 2F
2-2: SINGLE (Groundball, 6MD)
Jeff Daniels to third
Manolo Román to second
Batting: RHB Peter Hensley 0-0: Foul Ball, location: 2F
0-1: Ball
1-1: Foul Ball, location: 2F
1-2: DOUBLE (Groundball, 5L)
Jeff Daniels scores
Manolo Román scores
Paul Mullins to third
Batting: RHB Bonifacio Torres 0-0: Fly out, F7 (Flyball, 78S)
Batting: LHB Bill Murphy 0-0: Ball
1-0: Foul Ball, location: 2F
1-1: Swinging Strike
1-2: Ball
2-2: Foul Ball, location: 2F
2-2: Ground out 4-3 (Groundball, 4)
Bottom of the 3rd over - 2 runs, 4 hits, 0 errors, 2 left on base; St Charles 0 - Portland 2
TOP OF THE 4TH
St Charles Sheens batting - Pitching for Portland Cards : RHP Gustavo Ramos
Batting: RHB Jesús Hernández 0-0: Ball
1-0: Called Strike
1-1: SINGLE (Groundball, 56D)
Batting: LHB Larry Howard 0-0: Ball
Jesús Hernández steals 2nd base
1-0: Ball
2-0: SINGLE (Groundball, 3) (infield hit)
Jesús Hernández to third
Batting: LHB Juan Jose Rojas 0-0: Foul Ball, location: 2F
0-1: Ball
1-1: SINGLE (Line Drive, 6D)
Jesús Hernández scores
Larry Howard to second
Batting: RHB Dan Tyler 0-0: Foul Ball, location: 2F
0-1: Ball
1-1: Called Strike
1-2: Strikes out looking
Batting: SHB Henry Copeland 0-0: Called Strike
0-1: Ball
1-1: Ball
2-1: Ball
3-1: Foul Ball, location: 2F
3-2: Foul Ball, location: 2F
3-2: Foul Ball, location: 2F
3-2: Foul Ball, location: 2F
3-2: Foul Ball, location: 2F
3-2: Strikes out swinging
Batting: RHB Augusto Trevino 0-0: Ball
1-0: Ball
2-0: DOUBLE (Line Drive, 9LM)
Larry Howard scores
Juan Jose Rojas to third
Runner from 3rd tries for Home, SAFE, no throw
Batting: RHB Sergio Pujols 0-0: SINGLE (Line Drive, 34D)
Augusto Trevino to third
Runner from 3rd tries for Home, SAFE, throw made home
Batting: RHB Rob Brady 0-0: Called Strike
0-1: Called Strike
0-2: Ball
1-2: Ball
Sergio Pujols is caught stealing 2nd base
Top of the 4th over - 4 runs, 5 hits, 0 errors, 0 left on base; St Charles 4 - Portland 2
BOTTOM OF THE 4TH
Portland Cards batting - Pitching for St Charles Sheens : LHP Paul Adams
Batting: LHB Chance Santry 0-0: Ball
1-0: Foul Ball, location: 2F
1-1: SINGLE (Flyball, 9S)
Batting: RHB Dani Vázquez 0-0: Ball
1-0: SINGLE (Groundball, 6MD)
Chance Santry to second
Batting: RHB Eugene Gill 0-0: Ball
1-0: Called Strike
1-1: Grounds into double play, 3-6-3 (Groundball, 34)
Chance Santry to third
Batting: LHB Jeff Daniels 0-0: Swinging Strike
0-1: Ball
1-1: Foul Ball, location: 2F
1-2: Strikes out swinging
Bottom of the 4th over - 0 runs, 2 hits, 0 errors, 1 left on base; St Charles 4 - Portland 2
TOP OF THE 5TH
St Charles Sheens batting - Pitching for Portland Cards : RHP Gustavo Ramos
Batting: RHB Rob Brady 0-0: Ball
1-0: Ball
2-0: Foul Ball, location: 2F
2-1: Swinging Strike
2-2: Foul Ball, location: 2F
2-2: Foul Ball, location: 2F
2-2: Ball
3-2: Foul Ball, location: 2F
3-2: Strikes out swinging
Batting: RHB Miguel Palácios 0-0: Called Strike
0-1: Ball
1-1: Foul Ball, location: 2F
1-2: Ball
2-2: Ground out 6-3 (Groundball, 6)
Batting: RHB Jesús Hernández 0-0: Called Strike
0-1: Ball
1-1: Called Strike
1-2: Ball
2-2: Fly out, F9 (Flyball, 9LMF)
Top of the 5th over - 0 runs, 0 hits, 0 errors, 0 left on base; St Charles 4 - Portland 2
BOTTOM OF THE 5TH
Portland Cards batting - Pitching for St Charles Sheens : LHP Paul Adams
Batting: RHB Manolo Román 0-0: Ball
1-0: Called Strike
1-1: TRIPLE (Flyball, 8RXD)
Batting: LHB Paul Mullins 0-0: Swinging Strike
0-1: Swinging Strike
0-2: Strikes out swinging
Batting: RHB Peter Hensley 0-0: Ground out 6-3 (Groundball, 56)
Batting: RHB Bonifacio Torres 0-0: Ball
1-0: Called Strike
1-1: Ground out 6-3 (Groundball, 6)
Bottom of the 5th over - 0 runs, 1 hit, 0 errors, 1 left on base; St Charles 4 - Portland 2
TOP OF THE 6TH
St Charles Sheens batting - Pitching for Portland Cards : RHP Gustavo Ramos
Pitching: RHP Ron Biller
Batting: LHB Larry Howard 0-0: Called Strike
0-1: Swinging Strike
0-2: Ball
1-2: Strikes out swinging
Batting: LHB Juan Jose Rojas 0-0: Called Strike
0-1: Ball
1-1: Ball
2-1: Called Strike
2-2: Fly out, F8 (Flyball, 8LXD)
Batting: RHB Dan Tyler 0-0: Ground out 3-1 (Groundball, 34)
Top of the 6th over - 0 runs, 0 hits, 0 errors, 0 left on base; St Charles 4 - Portland 2
BOTTOM OF THE 6TH
Portland Cards batting - Pitching for St Charles Sheens : LHP Paul Adams
Batting: LHB Bill Murphy 0-0: Ball
1-0: Ball
2-0: Ball
3-0: Base on Balls
Batting: LHB Chance Santry 0-0: Called Strike
0-1: Ball
1-1: 2-RUN HOME RUN (Flyball, 9LD), Distance : 321 ft
Batting: RHB Dani Vázquez 0-0: Ball
1-0: Ground out 6-3 (Groundball, 6S)
Batting: RHB Eugene Gill 0-0: Fly out, F9 (Line Drive, 89D)
Batting: LHB Jeff Daniels 0-0: Called Strike
0-1: Foul Ball, location: 2F
0-2: Foul Ball, location: 2F
0-2: Foul Ball, location: 2F
0-2: Ball
1-2: Fly out, F7 (Flyball, 78D)
Bottom of the 6th over - 2 runs, 1 hit, 0 errors, 0 left on base; St Charles 4 - Portland 4
TOP OF THE 7TH
St Charles Sheens batting - Pitching for Portland Cards : LHP José Garza
Pitching: LHP José Garza
Batting: SHB Henry Copeland 0-0: Swinging Strike
0-1: Ball
1-1: Foul Ball, location: 2F
1-2: Ball
2-2: Ball
3-2: Strikes out looking
Batting: RHB Augusto Trevino 0-0: Swinging Strike
0-1: Ball
1-1: Ground out 4-3 (Groundball, 4M)
Batting: RHB Sergio Pujols 0-0: Ball
1-0: Foul Ball, location: 2F
1-1: Ball
2-1: Foul Ball, location: 2F
2-2: Strikes out swinging
Top of the 7th over - 0 runs, 0 hits, 0 errors, 0 left on base; St Charles 4 - Portland 4
BOTTOM OF THE 7TH
Portland Cards batting - Pitching for St Charles Sheens : LHP Paul Adams
Pitching: RHP Jesse Jones
Batting: RHB Manolo Román 0-0: SINGLE (Flyball, 78S)
Batting: LHB Paul Mullins 0-0: Ball
1-0: Foul Ball, location: 2F
1-1: Ball
2-1: SINGLE (Groundball, 4MD)
Manolo Román to second
Runner from 2nd tries for 3rd, SAFE, no throw
Batting: RHB Peter Hensley 0-0: Ball
1-0: Called Strike
1-1: Foul Ball, location: 2F
1-2: Foul Ball, location: 2F
1-2: Ball
Wild Pitch!
Manolo Román scores
Paul Mullins to second
2-2: Ball
3-2: Ground out 5-3 (Groundball, 5S)
Paul Mullins to third
Batting: RHB Bonifacio Torres 0-0: Ball
1-0: SINGLE (Line Drive, 56)
Paul Mullins scores
Batting: LHB Bill Murphy 0-0: Ball
1-0: Ball
2-0: Ball
3-0: Called Strike
3-1: Base on Balls
Bonifacio Torres to second
Batting: LHB Chance Santry 0-0: Called Strike
0-1: Foul Ball, location: 2F
0-2: Ball
1-2: Foul Ball, location: 2F
1-2: SINGLE (Line Drive, 89S)
Bonifacio Torres to third
Bill Murphy to second
Batting: RHB Dani Vázquez 0-0: Called Strike
0-1: Called Strike
0-2: Foul Ball, location: 2F
0-2: Ball
1-2: Ball
2-2: Foul Ball, location: 2F
2-2: Fly out, F9 (Flyball, 89S)
Batting: RHB Eugene Gill 0-0: Ball
1-0: Ball
2-0: Ball
3-0: Base on Balls
Bonifacio Torres scores
Bill Murphy to third
Chance Santry to second
Batting: LHB Jeff Daniels 0-0: Ball
1-0: DOUBLE (Line Drive, 7LM)
Bill Murphy scores
Chance Santry scores
Eugene Gill to third
Runner from 3rd tries for Home, SAFE, no throw
Pitching: LHP Gianluigi Ciottone
Batting: RHB Manolo Román 0-0: Foul Ball, location: 2F
0-1: Ground out 3-1 (Groundball, 34S)
Bottom of the 7th over - 6 runs, 5 hits, 0 errors, 1 left on base; St Charles 4 - Portland 10
TOP OF THE 8TH
St Charles Sheens batting - Pitching for Portland Cards : LHP José Garza
Batting: RHB Rob Brady 0-0: Called Strike
0-1: SINGLE (Line Drive, 89S)
Batting: RHB Miguel Palácios 0-0: Called Strike
0-1: Ball
1-1: Grounds into double play, 6-4-3 (Groundball, 6)
Batting: RHB Jesús Hernández 0-0: Fly out, F9 (Flyball, 89S)
Top of the 8th over - 0 runs, 1 hit, 0 errors, 0 left on base; St Charles 4 - Portland 10
BOTTOM OF THE 8TH
Portland Cards batting - Pitching for St Charles Sheens : LHP Gianluigi Ciottone
Batting: LHB Paul Mullins 0-0: Ball
1-0: Ball
2-0: Ball
3-0: Called Strike
3-1: SINGLE (Line Drive, 78S)
Batting: RHB Peter Hensley 0-0: Fly out, F7 (Flyball, 7)
Batting: RHB Bonifacio Torres 0-0: Grounds into double play, 4-6-3 (Groundball, 4)
Bottom of the 8th over - 0 runs, 1 hit, 0 errors, 0 left on base; St Charles 4 - Portland 10
TOP OF THE 9TH
St Charles Sheens batting - Pitching for Portland Cards : LHP José Garza
Batting: LHB Larry Howard 0-0: Called Strike
0-1: Fly out, F7 (Line Drive, 7)
Batting: LHB Juan Jose Rojas 0-0: Called Strike
0-1: Ball
1-1: Foul Ball, location: 2F
1-2: Strikes out looking
Batting: RHB Dan Tyler 0-0: Called Strike
0-1: SOLO HOME RUN (Flyball, 7D), Distance : 368 ft
Batting: SHB Henry Copeland 0-0: Called Strike
0-1: Swinging Strike
0-2: Strikes out swinging
Top of the 9th over - 1 run, 1 hit, 0 errors, 0 left on base; St Charles 5 - Portland 10
Saturday, December 16th, 2017 - OOTP Baseball 18.8 Build 76